 Dungeon Crawl Stone Soup version 0.28.0 (webtiles) character file.

Game seed: 11577757720470434315

18 fragbeetle the Skirmisher (level 2, 0/25 HPs)
             Began as a Palentonga Abyssal Knight on Feb 11, 2022.
             Was a Follower of Lugonu.
             Slain by a hobgoblin (3 damage)
             ... on level 1 of the Dungeon.
             The game lasted 00:01:32 (499 turns).

fragbeetle the Skirmisher (PaAK)                     Turns: 499, Time: 00:01:33

Health: 0/25       AC:  4    Str: 16    XL:     2   Next: 51%
Magic:  3/3        EV:  9    Int: 10    God:    Lugonu [*.....]
Gold:   32         SH:  0    Dex: 10    Spells: 1/1 levels left

rFire   . . .      SeeInvis +   a - +1 falchion
rCold   . . .      Faith    .   (no shield)
rNeg    . . .      Spirit   .   b - +0 leather armour
rPois   .          Reflect  .   (no helmet)
rElec   .          Harm     .   (no cloak)
rCorr   .          Rampage  .   (no gloves)
Will    .....                   (no barding)
Stlth   +.........              (no amulet)
HPRegen 0.08/turn               (no ring)
MPRegen 0.08/turn               (no ring)

@: no status effects
A: large, rugged brown scales 3, see invisible, deformed body, roll 1, armoured
tail
a: Rolling Charge, Renounce Religion, Depart the Abyss


You were on level 1 of the Dungeon.
You worshipped Lugonu.
Lugonu was aware of your devotion.
You visited 1 branch of the dungeon, and saw 1 of its levels.
You visited the Abyss 1 time.

You collected 32 gold pieces.

Inventory:

Hand Weapons
 a - a +1 falchion (weapon)
 c - a +0 dagger of speed
Armour
 b - a +0 leather armour (worn)
Potions
 d - a potion of curing {unknown}
 e - a potion of attraction {unknown}


   Skills:
 - Level 3.0 Fighting
 * Level 2.7 Long Blades
 - Level 1.6 Armour
 - Level 0.9 Dodging
 + Level 2.4 Invocations


You had one spell level left.
You didn't know any spells.
Your spell library was empty.

Dungeon Overview and Level Annotations

Branches:
Dungeon (1/15)

Altars:


Innate Abilities, Weirdness & Mutations

You are completely covered in rugged brown scales. (AC +3, +7% HP)
You have supernaturally acute eyesight. (SInv)
Armour fits poorly on your strangely shaped body.
You can roll at nearby foes to attack.
You have a long armoured tail.


Message History

You have reached level 2!
A hobgoblin comes into view.
The gnoll completely misses you.
You barely miss the gnoll. The gnoll closely misses you.
You hit the gnoll. You tail-slap the gnoll. You punch the gnoll.
The gnoll is moderately wounded.
The gnoll hits you but does no damage.
You hit the gnoll.
Your tail-slap misses the gnoll.
The gnoll is heavily wounded.
The gnoll hits you with a +0 flail.
You barely miss the gnoll.
The gnoll is heavily wounded.
The gnoll closely misses you.
You hit the gnoll.
Your tail-slap misses the gnoll.
The gnoll is severely wounded.
The gnoll hits you with a +0 flail! The hobgoblin barely misses you.
You hit the gnoll.
The gnoll is almost dead.
The gnoll hits you with a +0 flail. The hobgoblin closely misses you.
The gnoll hits you with a +0 flail. The hobgoblin hits you.
* * * LOW HITPOINT WARNING * * *
You are too injured to fight recklessly!
You are too injured to fight recklessly!
You are too injured to fight recklessly!
You hit the gnoll.
You kill the gnoll!
Lugonu accepts your kill.
The hobgoblin hits you but does no damage.
You closely miss the hobgoblin.
You tail-slap the hobgoblin, but do no damage.
The hobgoblin hits you.
* * * LOW HITPOINT WARNING * * *
You hit the hobgoblin but do no damage. The hobgoblin hits you.
* * * LOW HITPOINT WARNING * * *
You hit the hobgoblin but do no damage. The hobgoblin hits you.
* * * LOW HITPOINT WARNING * * *
You barely miss the hobgoblin. You punch the hobgoblin.
The hobgoblin is moderately wounded.
The hobgoblin hits you.
You die...

.#######. .........
.... ......... ....
#........ #... #
#........ #.# #..
.. # #........##.#
#..
..##.##.)..###.##.#
#.#
.......@g....#.##.#
#.#.
#.##.##....#.#.##.#
#.#.
#....†..#.........#
#.#.
####.#.##.##[..#..#
#.#. #
#.........#..###.#.
#####.##.##......#.
#.........####÷#.
#.#..............
#.#####..#####)##


You could see a hobgoblin.

Vanquished Creatures
  A gnoll (D:1)
  A giant cockroach (D:1)
  A hobgoblin (D:1)
  A kobold (D:1)
  A ball python (D:1)
  2 bats (D:1)
  2 frilled lizards (D:1)
9 creatures vanquished.

Notes
Turn   | Place    | Note
-------+----------+-------------------------------------------
     0 | Abyss:1  | fragbeetle the Palentonga Abyssal Knight began the quest
                  | for the Orb.
     0 | Abyss:1  | Reached XP level 1. HP: 19/19 MP: 2/2
    86 | Abyss:1  | Found a corrupted altar of Lugonu.
   134 | Abyss:1  | Noticed a ynoxinul
   135 | D:1      | Escaped the Abyss
   288 | D:1      | Reached * piety under Lugonu
   487 | D:1      | Reached XP level 2. HP: 25/25 MP: 3/3
   499 | D:1      | Slain by a hobgoblin

Illustrated notes

Levels and vault maps discovered:
D:1:      heliophobic_arrival_battle_scene, layout_basic

Action                   || total
-------------------------++-------
Melee: Falchion          ||    36
       Tailslap          ||     5
       Punch             ||     3
Invok: Depart the Abyss  ||     1
 Abil: Rolling Charge    ||     1
Armor: Leather armour    ||    15
Dodge: Dodged            ||    21
